AoeStats
← ninghaochang

Nomad

510397231Analyzed
4v4 RM · 5h ago on Sep 30, 2026· 60m 47s· 8 players
Game mode
Random Map
Map size
231×231
Population
200
Speed
Normal
Resources
Standard
Victory
Conquest
Starting age
Dark Age
Ending age
Imperial Age
RankedLock teamsTeams togetherTeam positionsShared explorationLock speedFull tech treeHidden civsTurbo modeCheats
Victory
Defeat
🇩🇪 Slavs · Germany
851
+12
🇮🇹 Huns · Italy
848
+12
🇬🇧 Italians · United Kingdom
833
+13
🇮🇹 Britons · Italy
786
+15
🇨🇦 Byzantines · Canada
834
-38
🇨🇳 Georgians · China
815
-39
🇧🇷 Sicilians · Brazil
755
-13
🇨🇦 Mongols · Canada
668
-21
~Giulia~
5:53 Loom
17:44 Feudal Age
18:10 Town Watch
18:15 Double-Bit Axe
18:31 Stone Mining
19:17 Gold Mining
23:20 Horse Collar
27:25 Castle Age
25:29 Fishing Lines
25:52 Fletching
27:26 Crossbowman
29:09 Treadmill Crane
29:25 Murder Holes
32:11 Bow Saw
34:44 Ballistics
35:48 Padded Archer Armor
35:44 Bodkin Arrow
37:21 Wheelbarrow
39:55 Imperial Age
39:46 Gold Shaft Mining
39:13 Gillnets
39:34 Medium Warships
39:43 Medium Warships
40:32 Leather Archer Armor
40:30 Masonry
40:34 Clinker Construction
40:35 Careening
41:45 Chemistry
40:56 Warwolf
41:33 Yeomen
43:11 Siege Engineers
46:42 Elite Longbowman
47:43 Conscription
49:22 Bracer
54:19 Hand Cart
55:51 Hoardings
56:21 Ring Archer Armor
58:00 Two-Man Saw
57:11 Heavy Plow
_marcus_
17:52 Feudal Age
26:42 Castle Age
37:54 Horse Collar
40:20 Wheelbarrow
40:25 Double-Bit Axe
41:27 Heavy Plow
43:21 Fletching
47:14 Hand Cart
53:17 Imperial Age
51:13 Detinets
55:49 Conscription
58:17 Bow Saw
59:07 Elite Boyar
Doofus
15:09 Feudal Age
15:54 Double-Bit Axe
15:58 Horse Collar
16:08 Loom
17:24 Fletching
32:22 Castle Age
32:39 Crossbowman
36:34 Bodkin Arrow
39:42 Padded Archer Armor
40:26 Wheelbarrow
39:36 Town Watch
40:52 Bow Saw
40:57 Stone Mining
40:57 Gold Mining
41:32 Ballistics
43:41 Heavy Plow
45:24 Fishing Lines
46:00 Squires
46:17 Leather Archer Armor
47:40 Gillnets
49:59 Hand Cart
51:25 Murder Holes
55:14 Imperial Age
54:12 Town Patrol
57:10 Two-Man Saw
59:54 Chemistry
59:51 Crop Rotation
59:32 Bracer
60:03 Ring Archer Armor
60:37 Elite Genoese Crossbowman
61:38 Conscription
Porter
17:04 Feudal Age
17:42 Man-at-Arms
18:14 Double-Bit Axe
19:36 Wheelbarrow
22:20 Scale Mail Armor
22:31 Forging
22:31 Scale Barding Armor
22:22 Fishing Lines
22:32 Horse Collar
26:34 Castle Age
28:10 Chain Mail Armor
28:31 Iron Casting
28:34 Bow Saw
28:18 Gold Mining
28:58 Padded Archer Armor
28:49 Fletching
29:49 Medium Warships
30:02 Demolition Ship
32:01 Hand Cart
32:17 Chain Barding Armor
32:02 Husbandry
32:12 Bloodlines
31:23 Light Cavalry
32:42 Caravan
34:34 Stone Mining
35:21 Gold Shaft Mining
36:21 Leather Archer Armor
36:01 Bodkin Arrow
45:03 Imperial Age
46:42 Plate Barding Armor
46:42 Capped Ram
48:41 Bracer
49:42 Blast Furnace
48:47 Cavalier
50:17 Paladin
53:05 Heavy Warships
54:15 Siege Ram
55:03 Marauders
54:34 Sappers
56:41 Masonry
56:52 Ballistics
57:32 Chemistry
57:06 Heavy Demolition Ship
60:24 Clinker Construction
60:09 Murder Holes
59:59 Elite Tarkan
61:00 Conscription
61:00 Atheism
AfroTurk
17:23 Feudal Age
18:39 Fishing Lines
19:46 Wheelbarrow
20:35 Double-Bit Axe
27:21 Castle Age
26:47 Scale Barding Armor
26:43 Scale Mail Armor
28:47 Hand Cart
29:55 Gold Mining
29:56 Stone Mining
30:19 Bow Saw
32:27 Bloodlines
31:38 Light Cavalry
32:19 Husbandry
32:28 Gillnets
35:15 Chain Barding Armor
35:11 Chain Mail Armor
37:02 Gold Shaft Mining
37:03 Stone Shaft Mining
39:40 Coinage
39:11 Caravan
55:05 Imperial Age
ninghaochang
14:59 Feudal Age
16:20 Wheelbarrow
16:16 Horse Collar
17:17 Double-Bit Axe
Halitteeeee
4:06 Loom
15:17 Feudal Age
16:08 Double-Bit Axe
18:42 Gold Mining
27:45 Castle Age
28:54 Bow Saw
30:26 Wheelbarrow
29:35 Horse Collar
31:46 Hand Cart
31:49 Stone Mining
33:09 Medium Warships
36:26 Heavy Plow
39:45 Fletching
41:11 Bodkin Arrow
45:39 Imperial Age
45:59 Scale Barding Armor
46:05 Forging
45:55 Murder Holes
46:11 Siphons
46:46 Bracer
47:07 Chain Barding Armor
46:20 Elite Cataphract
47:21 Conscription
47:33 Husbandry
46:57 Pikeman
47:37 Squires
47:23 Arson
49:16 Iron Casting
48:21 Halberdier
50:38 Plate Barding Armor
55:22 Scale Mail Armor
54:47 Light Cavalry
56:34 Gold Shaft Mining
TioViniBlaus
15:39 Feudal Age
Connection lost

Rejoining the realm…

Still unreachable

The connection could not be restored.

Session expired

The server has moved on; the page needs a fresh start.